 Dungeon Crawl Stone Soup version 0.28-a0-957-g42eb19b844 (webtiles) character file.

Game seed: 2441492360383937158

129 Goblin1989 the Skirmisher (level 4, -5/40 HPs)
             Began as a Draconian Fighter on Nov 30, 2021.
             Killed by divine providence
             ... invoked by an orc priest
              (14 damage)
             ... on level 3 of the Dungeon.
             The game lasted 00:03:47 (2900 turns).

Goblin1989 the Skirmisher (Draconian Fighter)       Turns: 2900, Time: 00:03:49

Health: -5/40      AC:  6    Str: 20    XL:     4   Next: 88%
Magic:  4/4        EV: 27    Int:  9    God:
Gold:   85         SH:  4    Dex: 10    Spells: 3/3 levels left

rFire   . . .      SeeInvis .   a - +0 flail
rCold   . . .      Faith    .   b - +0 buckler
rNeg    . . .      Spirit   .   (armour unavailable)
rPois   .          Reflect  .   (helmet restricted)
rElec   .          Harm     .   (no cloak)
rCorr   .          Rampage  .   (no gloves)
Will    .....                   d - +0 pair of boots
Stlth   +.........              l - amulet of the acrobat
HPRegen 0.13/turn               (no ring)
MPRegen 0.09/turn               (no ring)

@: acrobatic
A: AC +5, unfitting armour, cold-blooded
a: no special abilities


You were on level 3 of the Dungeon.
You visited 1 branch of the dungeon, and saw 3 of its levels.

You collected 85 gold pieces.

Inventory:

Hand Weapons
 a - a +0 flail (weapon)
 i - a +0 dagger of holy wrath
Armour
 b - a +0 buckler (worn)
 d - a +0 pair of boots (worn)
Jewellery
 l - an amulet of the acrobat (around neck)
Wands
 j - a wand of paralysis (8) {@v7}
Scrolls
 e - a scroll of identify {unknown}
 f - 2 scrolls of enchant armour {unknown}
 g - a scroll of vulnerability {unknown}
 h - a scroll of fog {unknown}
Potions
 c - a potion of might {@q4}


   Skills:
 + Level 4.0 Fighting
 * Level 3.5 Maces & Flails
 + Level 3.3 Dodging
 + Level 3.6 Shields


You had 3 spell levels left.
You didn't know any spells.
Your spell library contained the following spells:

 Spells                   Type           Power      Damage    Failure   Level
 Shock                    Conj/Air       0%         1d3       38%         1


Dungeon Overview and Level Annotations

Branches:
Dungeon (3/15)

Altars:

Shops:
D:1 =?


Innate Abilities, Weirdness & Mutations

Your plain brown scales are hard. (AC +5)
You cannot fit into any form of body armour.
You are cold-blooded and may be slowed by cold attacks.


Message History

You take 1 damage, and have 39/40 hp.
You hit the goblin.
The goblin is severely wounded.
The goblin hits you with a +0 club.
You take 1 damage, and have 38/40 hp.
You barely miss the goblin.
The goblin is severely wounded.
The goblin hits you but does no damage.
You closely miss the goblin.
The goblin is severely wounded.
You block the goblin's attack. The goblin hits you but does no damage.
You hit the goblin but do no damage.
Your tail-slap misses the goblin.
The goblin is severely wounded.
The goblin closely misses you.
You hit the goblin.
You kill the goblin!
No target in view!
No target in view!
No target in view!
No target in view!
No target in view!
No target in view!
No target in view!
No target in view!
No target in view!
No target in view!
No target in view!
No target in view!
No target in view!
No target in view!
No target in view!
HP restored.
Things that are here:
a +0 club; a goblin corpse; Health restored: 40
k - a +0 pair of boots
l - an amulet of the acrobat You start putting on your amulet.
You continue putting on your amulet of the acrobat. x5
You finish putting on your amulet of the acrobat.
You feel ready to tumble and roll out of harm's way.
l - an amulet of the acrobat (around neck)
You start putting on your armour.
You continue putting on your +0 pair of boots. x4
You finish putting on your +0 pair of boots.
Drop what? 12/52 slots (_ for help) (? for menu, Esc to quit)
You drop a +0 pair of boots.
Found a stone staircase leading down.
An orc comes into view. It is wielding a +2 whip of freezing.
An orc is nearby!
An orc priest comes into view. It is wielding a +0 club.
The orc shouts!
The orc priest shouts!
An orc priest comes into view. It is wielding a +0 short sword.
An orc comes into view. It is wielding a +0 flail.
An orc comes into view. It is wielding a +0 dagger.
The orc shouts!
The orc priest shouts!
The orc priest invokes the aid of Beogh against you.
Pain shoots through your body! The orc closely misses you.
You sock the orc!
You kill the orc!
The orc priest invokes the aid of Beogh against you.
Beogh smites you!
You take 18 damage, and have 22/40 hp.
MASSIVE DAMAGE!!
You are too injured to fight recklessly!
You are too injured to fight recklessly!
You are too injured to fight recklessly!
You are too injured to fight recklessly!
You are too injured to fight recklessly!
You are too injured to fight recklessly!
You are too injured to fight recklessly!
You are too injured to fight recklessly!
You are too injured to fight recklessly!
You are too injured to fight recklessly!
You are too injured to fight recklessly!
You are too injured to fight recklessly!
You are too injured to fight recklessly!
You are too injured to fight recklessly!
You are too injured to fight recklessly!
You are too injured to fight recklessly!
You are too injured to fight recklessly!
You are too injured to fight recklessly!
You are too injured to fight recklessly!
You are too injured to fight recklessly!
You are too injured to fight recklessly!
Unknown command.
The orc priest calls down the wrath of Beogh upon you.
Beogh smites you!
* * * LOW HITPOINT WARNING * * *
You take 13 damage, and have 9/40 hp.
MASSIVE DAMAGE!!
The jackal barks!
The orc priest begins to cast a cantrip, but forgets the words!
The jackal closely misses you. The jackal bites you.
* * * LOW HITPOINT WARNING * * *
You take 2 damage, and have 8/40 hp.
The jackal bites you but does no damage.
The jackal misses you.
The orc priest invokes the aid of Beogh against you.
Beogh smites you!
You die...

█........o..█.....█.█.........
█....).o.o..o.....█.█...).....
.........█████o.............[..
.........█ █.██.[..█.........
....██████ █o....█.█.........
... █.██........██.... ..
██.███.██.......... .
█.h....██.█<.█████.
█.@................
█..███.██.......... █..█
█......███.█.. █..█
█.██...███.█.. █..█
█.............
...███.██...███.█.█
...................
....███.█...........
██.█..)..██████


You could see an orc priest, 2 orcs and a jackal.

Vanquished Creatures
  5 adders (D:2)
  2 worms (D:2)
  3 dart slugs
  An orc (D:3)
  10 bats
  5 endoplasms
  4 giant cockroaches
  6 hobgoblins
  3 jackals
  A quokka (D:2)
  6 ball pythons
  4 frilled lizards
  5 goblins
  7 kobolds
  4 rats
66 creatures vanquished.

Vanquished Creatures (others)
  40 plants (D:2)
40 creatures vanquished.

Grand Total: 106 creatures vanquished

Notes
Turn   | Place    | Note
-------+----------+-------------------------------------------
     0 | D:1      | Goblin1989 the Draconian Fighter began the quest for the
                  | Orb.
     0 | D:1      | Reached XP level 1. HP: 19/19 MP: 1/1
   270 | D:1      | Reached XP level 2. HP: 26/26 MP: 2/2
   307 | D:1      | Found Xeopn's Magic Scroll Shoppe.
   701 | D:1      | Reached XP level 3. HP: 24/31 MP: 3/3
  1004 | D:1      | Found Nemacos's Jewellery Boutique.
  1402 | D:2      | Found a faded altar of an unknown god.
  1407 | D:2      | Got Plato's Incunabulum of Conjuration
  1563 | D:2      | Reached XP level 4. HP: 19/40 MP: 4/4
  2785 | D:3      | Reached skill level 4 in Fighting
  2900 | D:3      | Killed from afar by an orc priest

Illustrated notes

Levels and vault maps discovered:
D:1:      lightli_arrival_farm, layout_loops_corners, serial_shops, shop,
          shop_fountains
D:2:      layout_loops_ring, serial_bayou, serial_bayou_crossing,
          serial_bayou_pond_b, serial_bayou_pond_d, serial_bayou_ford_a,
          serial_bayou_pond_d, serial_bayou_shore_a,
          shapermc_ecumenical_altar_rom_forum
D:3:      layout_basic, serial_glass, glass_columns_c, glass_columns_a,
          glass_columns_c, glass_columns_a, glass_columns_a, glass_columns_a,
          uniq_robin, uniq_crazy_yiuf_cottage, uniq_grinder

Skill      XL: |  1  2  3  4 |
---------------+-------------+-----
Dodging        | 3 |  3.3
Maces & Flails | 3 |  3.5
Fighting       | 4 |  4.0
Shields        | |  3.6

Action                   |  1- 3 |  4- 6 || total
-------------------------+-------+-------++-------
Melee: Flail             |   153 |   110 ||   263
       Tailslap          |    11 |     7 ||    18
 Stab: Distracted        |       |     1 ||     1
Armor: Skin              |    50 |    49 ||    99
Dodge: Dodged            |   108 |    83 ||   191
Block: Buckler           |    38 |    36 ||    74

Table legend: (Time is in decaauts)
 A = Elapsed time spent in this place.
 B = Non-inter-level travel time spent in this place.
 C = Inter-level travel time spent in this place.
 D = Time resting spent in this place.
 E = Time spent auto-exploring this place.
 F = Levels seen in this place.
 G = Mean time per level.
                   A        B        C        D        E       F      G
               +--------+--------+--------+--------+--------+-----+--------+
         Total |   3037 |   2968 |     69 |    189 |   2188 |   3 | 1012.3 |
       Dungeon |   3037 |   2968 |     69 |    189 |   2188 |   3 | 1012.3 |
               +--------+--------+--------+--------+--------+-----+--------+

Top non-repeatable levels by time:
     D:2: 1656 daAuts
     D:1: 1253 daAuts
     D:3: 127 daAuts
